 Dungeon Crawl Stone Soup version 0.23.1-37-gaa34b87 (console) character file.

Game seed: 5148320025392533390

20500 SirCrawlalot the Carver (level 12, -5/112 HPs)
             Began as a Minotaur Fighter on Mar 20, 2019.
             Was a Priest of Wu Jian.
             Slain by Jorgrun
             ... wielding an uncursed staff of earth
              (10 damage)
             ... on level 1 of the Snake Pit.
             The game lasted 00:55:12 (11456 turns).

SirCrawlalot the Carver (Minotaur Fighter)         Turns: 11456, Time: 00:55:13

Health: -5/112     AC: 22    Str: 23    XL:     12   Next: 45%
Magic:  4/21       EV:  9    Int:  5    God:    Wu Jian [***...]
Gold:   767        SH:  6    Dex: 11    Spells: 11/11 levels left

rFire    + . .     SeeInvis .   A - +1 scimitar (holy)
rCold    . . .     Gourm    .   i - +0 buckler
rNeg     + . .     Faith    .   x - +0 plate armour
rPois    .         Spirit   .   (helmet restricted)
rElec    .         Reflect  .   j - +2 cloak
rCorr    .         Harm     .   q - +1 pair of gloves
MR       +....                  (no boots)
Stlth    ..........             (no amulet)
HPRegen  0.28/turn              m - ring "Trusted Companion" {+Blink rN+ MP+9}
MPRegen  0.17/turn              o - ring of protection from fire

@: lethally poisoned (-5 -> -7)
A: retaliatory headbutt, horns 2, clumsy 1, magic resistance 1
a: Wall Jump, Serpent's Lash, Renounce Religion, Evoke Blink


You were on level 1 of the Snake Pit.
You worshipped Wu Jian.
Wu Jian was most pleased with you.
You were not hungry.

You visited 3 branches of the dungeon, and saw 12 of its levels.

You collected 767 gold pieces.

Inventory:

Hand Weapons
 a - a +1 long sword
 d - a +0 falchion
 r - a +0 falchion
 w - a +0 great sword
 A - a +1 scimitar of holy wrath (weapon)
Missiles
 v - 4 javelins of penetration (quivered)
Armour
 c - a +1 shield
 e - a +0 scale mail
 i - a +0 buckler (worn)
 j - a +2 cloak (worn)
 q - a +1 pair of gloves (worn)
 x - a +0 plate armour (worn)
Magical Staves
 p - an uncursed staff of air
Jewellery
 m - the ring "Trusted Companion" (left hand) {+Blink rN+ MP+9}
   (You found it on level 4 of the Dungeon)

   [ring of magical power]

   It protects you from negative energy.
   It affects your magic capacity (+9).
   It lets you blink.
 o - a ring of protection from fire (right hand)
Wands
 D - a wand of flame (6)
 G - a wand of acid (3)
Scrolls
 g - 4 scrolls of fog
 h - 2 scrolls of remove curse
 k - 3 scrolls of teleportation
 s - a scroll of enchant armour
 t - a scroll of immolation
 u - a scroll of identify
 y - a scroll of magic mapping
 F - 2 scrolls of amnesia
Potions
 b - a potion of agility
 l - a potion of brilliance
 n - a potion of invisibility
 z - a potion of cancellation
 B - 2 potions of resistance
 C - a potion of haste
Comestibles
 f - 8 rations


   Skills:
 + Level 11.8 Fighting
 + Level 14.6 Long Blades
 + Level 13.0 Armour
 + Level 4.6 Dodging
 + Level 9.0 Shields
 + Level 1.7 Evocations


You had 11 spell levels left.
You didn't know any spells.
Your spell library contained the following spells:

 Spells                   Type           Power        Failure   Level  Hunger
 Magic Dart               Conj           #...         99%         1    ##.....
 Blink                    Tloc           N/A          100%        2    ###....
 Call Imp                 Summ           #.......     100%        2    ###....
 Slow                     Hex            #.......     100%        2    ###....
 Conjure Flame            Conj/Fire      #.......     100%        3    ####...
 Mephitic Cloud           Conj/Pois/Air  #.......     100%        3    ####...
 Recall                   Summ/Tloc      N/A          100%        3    ####...
 Animate Dead             Necr           N/A          100%        4    #####..
 Borgnjor's Vile Clutch   Necr/Erth      #.........   100%        5    ######.
 Death Channel            Necr           #.........   100%        6    #######
 Simulacrum               Ice/Necr       #.........   100%        6    #######


Dungeon Overview and Level Annotations

Branches:
Dungeon (9/15)             Temple (0/1) D:5            Lair (2/6) D:9
  Snake (1/4) Lair:2          Orc (0/2) D:9
  Swamp: Lair:2-4    Shoals: Lair:2-4

Altars:
Ashenzari
Elyvilon
Fedhas
Nemelex Xobeh
Okawaru
Qazlal
Ru
Sif Muna
Uskayaw
Wu Jian
Yredelemnul
Zin
The Shining One

Shops:
D:4 (   D:6 }[?:?   D:7 *

Annotations:
D:9 1 runed translucent door
Snake:1 Jorgrun


Innate Abilities, Weirdness & Mutations

You reflexively headbutt those who attack you in melee.
You have a pair of horns on your head.
You are clumsy. (Dex -2)
You are resistant to hostile enchantments. (MR+)


Message History

Okay, then.
Jorgrun mutters some incantations to himself.
Evoke which item? (* to show all) (? for menu, Esc to quit)
Aiming: Corrosive Bolt
Press: ? - help, Shift-Dir - straight line, f/p - Jorgrun
Aim: Jorgrun, wielding a staff of earth and wearing a +0 robe Out of range.
Okay, then.
You feel sick.
Evoke which item? (* to show all) (? for menu, Esc to quit)
Aiming: Corrosive Bolt
Press: ? - help, Shift-Dir - straight line, f/p - Jorgrun
Aim: Jorgrun, wielding a staff of earth and wearing a +0 robe The bolt of acid misses Jorgrun.
You feel sick.
You blink.
You feel slightly more hungry.
You feel sick.
You slash Jorgrun!
Jorgrun is lightly wounded.
Jorgrun hits you with an uncursed staff of earth!
You die...

#.....###
##.......##
#.........###.
#..........#.#
#............#
#............#
#............#
#...g........#
#...@.....(..#
#...(.......#
##.....(.####
##....###
#....# ###...
...?. .####..
##


You could see Jorgrun.

Vanquished Creatures
  3 hydras
  An anaconda (Snake:1)
  3 two-headed ogres
  A naga ritualist (Snake:1)
  2 salamanders (Snake:1)
  6 elephants (Lair:2)
  4 black mambas
  3 spiny frogs
  2 komodo dragons (Lair:1)
  Prince Ribbit (Lair:1)
  8 blink frogs
  2 hippogriffs (D:9)
  Sigmund (D:5)
  12 yaks (D:9)
  A human (D:7)
  A wyvern (D:9)
  4 hogs (D:7)
  Eustachio (D:4)
  9 nagas
  3 porcupines
  A water moccasin (Lair:2)
  2 sky beasts
  An orc warrior (D:7)
  An ice beast (D:3)
  A black bear (D:9)
  2 phantoms
  5 wolves (Lair:2)
  3 ogres
  3 centaurs
  2 crocodiles
  7 bullfrogs
  A scorpion (D:5)
  8 wights
  2 howler monkeys
  A centaur zombie (D:5)
  5 crimson imps
  A jelly (D:7)
  Crazy Yiuf (D:3)
  3 orc priests (D:9)
  4 hounds
  6 orc wizards
  Jessica (D:2)
  Natasha (thrice) (D:3)
  Terence (D:2)
  4 worker ants
  A hound zombie (D:6)
  A howler monkey zombie (D:5)
  2 worker ant zombies
  2 howler monkey skeletons
  10 gnolls
  7 adders
  An adder skeleton (D:7)
  4 worms
  6 leopard geckos
  28 orcs
  3 ball pythons
  7 bats
  8 giant cockroaches
  11 goblins
  14 hobgoblins
  4 jackals (D:2)
  5 quokkas
  5 frilled lizards
  14 kobolds
  A leopard gecko skeleton (D:5)
  A quokka zombie (D:5)
  9 rats
281 creatures vanquished.

Vanquished Creatures (others)
  4 fungi (Lair:2)
  A plant (Lair:2)
5 creatures vanquished.

Grand Total: 286 creatures vanquished

Notes
Turn   | Place    | Note
-------+----------+-------------------------------------------
     0 | D:1      | SirCrawlalot the Minotaur Fighter began the quest for the
                  | Orb.
     0 | D:1      | Reached XP level 1. HP: 19/19 MP: 0/0
   143 | D:1      | Reached XP level 2. HP: 27/27 MP: 1/1
   668 | D:2      | Found a sparkling altar of Nemelex Xobeh.
   697 | D:2      | Noticed Jessica
   720 | D:2      | Killed Jessica
   720 | D:2      | Reached skill level 3 in Long Blades
   720 | D:2      | Reached XP level 3. HP: 11/34 MP: 2/2
  1024 | D:2      | Found a basalt altar of Yredelemnul.
  1159 | D:2      | Noticed Terence
  1166 | D:2      | Killed Terence
  1166 | D:2      | Reached XP level 4. HP: 33/41 MP: 3/3
  1381 | D:2      | Found a glowing golden altar of the Shining One.
  1578 | D:2      | Found a deep blue altar of Sif Muna.
  1643 | D:2      | Found an iron altar of Okawaru.
  1665 | D:2      | Found a shattered altar of Ashenzari.
  1675 | D:2      | Reached skill level 4 in Long Blades
  1675 | D:2      | Reached XP level 5. HP: 36/47 MP: 4/4
  2186 | D:3      | Noticed Natasha
  2192 | D:3      | Killed Natasha
  2192 | D:3      | Reached skill level 1 in Dodging
  2295 | D:3      | Noticed an ice beast
  2310 | D:3      | Killed an ice beast
  2310 | D:3      | Reached skill level 5 in Armour
  2310 | D:3      | Reached XP level 6. HP: 47/55 MP: 5/5
  2354 | D:3      | Noticed Natasha
  2361 | D:3      | Killed Natasha
  2361 | D:3      | Reached skill level 5 in Fighting
  2361 | D:3      | Reached skill level 5 in Long Blades
  2376 | D:3      | Reached skill level 5 in Shields
  2398 | D:3      | Found a runed translucent door.
  2399 | D:3      | Noticed Crazy Yiuf
  2424 | D:3      | Noticed Natasha
  2432 | D:3      | Killed Natasha
  2605 | D:3      | Killed Crazy Yiuf
  2668 | D:4      | Gained mutation: You are clumsy. (Dex -2) [potion of
                  | mutation]
  2668 | D:4      | Gained mutation: You are resistant to hostile enchantments.
                  | (MR+) [potion of mutation]
  2721 | D:4      | Got a steaming wooden ring
  2722 | D:4      | Identified the ring "Trusted Companion" {+Blink rN+ MP+9}
                  | (You found it on level 4 of the Dungeon)
  2923 | D:4      | Found a blossoming altar of Fedhas.
  2925 | D:4      | Noticed Eustachio
  2957 | D:4      | Killed Eustachio
  2957 | D:4      | Reached skill level 6 in Long Blades
  2957 | D:4      | Reached XP level 7. HP: 8/61 MP: 6/6
  3246 | D:4      | Found Cuzi's Antique Weapon Boutique.
  3503 | D:5      | Entered Level 5 of the Dungeon
  3512 | D:5      | Found a stormy altar of Qazlal.
  3614 | D:5      | Reached skill level 7 in Long Blades
  3687 | D:5      | Found a staircase to the Ecumenical Temple.
  3697 | D:5      | Reached XP level 8. HP: 70/70 MP: 7/7
  3750 | D:5      | Found an ornate altar of the Wu Jian Council.
  3777 | D:5      | Became a worshipper of the Wu Jian Council
  3813 | D:5      | Noticed Sigmund
  3819 | D:5      | Killed Sigmund
  3819 | D:5      | Reached skill level 8 in Long Blades
  4297 | D:6      | Found Mudeubus's Magic Scroll Shoppe.
  4353 | D:6      | Found Kifiguw's Antique Armour Boutique.
  4411 | D:6      | Found a sacrificial altar of Ru.
  4451 | D:6      | Found Yghelex's Magic Scroll Emporium.
  4636 | D:6      | Found Behim's Gadget Emporium.
  4961 | D:6      | Found Hibo's Book Shop.
  5181 | D:7      | Reached skill level 9 in Long Blades
  5346 | D:7      | Found a glowing silver altar of Zin.
  5347 | D:7      | Found Zin's Purification Station.
  5407 | D:7      | Reached XP level 9. HP: 78/78 MP: 8/8
  5412 | D:7      | Reached * piety under Wu Jian
  5430 | D:7      | Reached skill level 10 in Long Blades
  5957 | D:8      | Noticed a two-headed ogre
  5963 | D:8      | Killed a two-headed ogre
  6205 | D:8      | Noticed a two-headed ogre
  6217 | D:8      | Killed a two-headed ogre
  6217 | D:8      | Reached skill level 11 in Long Blades
  6217 | D:8      | Reached XP level 10. HP: 30/88 MP: 9/9
  6472 | D:8      | You fall through a shaft!
  6472 | D:9      | Found a hide-covered altar of Uskayaw.
  6686 | D:9      | Found a runed translucent door.
  6687 | D:9      | Found a white marble altar of Elyvilon.
  6687 | D:9      | Noticed an angel
  6729 | D:9      | Found a staircase to the Lair.
  6730 | D:9      | Noticed a two-headed ogre
  6740 | D:9      | Killed a two-headed ogre
  6740 | D:9      | Reached skill level 12 in Long Blades
  6823 | D:9      | Reached ** piety under Wu Jian
  6904 | D:9      | Reached skill level 10 in Armour
  7558 | D:9      | Reached XP level 11. HP: 99/99 MP: 10/10
  7564 | D:9      | Reached skill level 13 in Long Blades
  7576 | D:9      | Found a staircase to the Orcish Mines.
  7721 | Lair:1   | Entered Level 1 of the Lair of Beasts
  7859 | Lair:1   | Noticed a five-headed hydra
  7874 | Lair:1   | Killed a six-headed hydra
  7874 | Lair:1   | Reached skill level 10 in Fighting
  7971 | Lair:1   | Noticed a five-headed hydra
  7979 | Lair:1   | Killed a seven-headed hydra
  7981 | Lair:1   | Reached *** piety under Wu Jian
  8051 | Lair:1   | Noticed Prince Ribbit
  8169 | Lair:1   | Killed Prince Ribbit
  8169 | Lair:1   | Reached skill level 1 in Evocations
  9062 | Lair:2   | Reached skill level 14 in Long Blades
  9158 | Lair:2   | Noticed a seven-headed hydra
  9177 | Lair:2   | Killed a nine-headed hydra
 10250 | Lair:2   | Found a staircase to the Snake Pit.
 10502 | Lair:2   | Reached XP level 12. HP: 107/108 MP: 12/12
 10836 | Snake:1  | Entered Level 1 of the Snake Pit
 11112 | Snake:1  | Noticed an anaconda
 11132 | Snake:1  | Killed an anaconda
 11409 | Snake:1  | Noticed a naga warrior
 11419 | Snake:1  | Noticed an anaconda
 11447 | Snake:1  | Noticed Jorgrun
 11455 | Snake:1  | HP: 5/112 [poisoned by a naga ritualist (toxic radiance)]
 11456 | Snake:1  | Slain by Jorgrun

Skill      XL: |  1  2  3  4  5  6  7  8  9 10 11 12 |
---------------+-------------------------------------+-----
Fighting       | 4 5 6 8 9 10 11 | 11.8
Shields        | 4 5 6 7 8 9 |  9.0
Long Blades    | 3 4 6 7 9 11 12 14 | 14.6
Armour         | 4 5 6 7 9 10 11 13 | 13.0
Dodging        | 1 2 3 4 |  4.6
Evocations     | 1 |  1.7

Action                   |  1- 3 |  4- 6 |  7- 9 | 10-12 || total
-------------------------+-------+-------+-------+-------++-------
Melee: Long sword        |    68 |   212 |    99 |       ||   379
       Headbutt          |    11 |    55 |    44 |   138 ||   248
       Scimitar          |       |       |    96 |   577 ||   673
Invok: Lunge             |       |       |    13 |    25 ||    38
       Whirlwind         |       |       |       |     7 ||     7
 Abil: Evoke Blink       |       |       |       |     3 ||     3
Evoke: Wand              |       |       |       |    17 ||    17
  Use: Scroll            |     4 |     3 |     7 |     8 ||    22
       Potion            |     3 |     4 |     6 |     1 ||    14
  Eat: Ration            |     1 |       |     4 |     5 ||    10
       Chunk             |       |     2 |       |       ||     2
Armor: Scale mail        |    27 |   100 |    39 |       ||   166
       Plate armour      |       |       |    51 |   378 ||   429
Dodge: Dodged            |    14 |   124 |    93 |   179 ||   410
Block: Shield            |    21 |       |       |       ||    21
       Buckler           |     4 |    51 |    43 |   145 ||   243
       Rpst.: Long sword |     2 |    32 |    13 |       ||    47
       Scimitar          |       |       |     6 |    46 ||    52
